 Dungeon Crawl Stone Soup version 0.28-a0-653-g7e9dba17c3 (webtiles) character file.

Game seed: 14942766397621235377

9 ryw the Skirmisher (level 2, 23/23 HPs)
             Began as a Demonspawn Gladiator on Oct 11, 2021.
             Quit the game on level 1 of the Dungeon.
             The game lasted 00:00:51 (607 turns).

ryw the Skirmisher (Demonspawn Gladiator)            Turns: 607, Time: 00:00:51

Health: 23/23      AC:  4    Str: 14    XL:     2   Next: 3%
Magic:  2/2        EV: 12    Int:  9    God:
Gold:   41         SH:  0    Dex: 14    Spells: 1/1 levels left

rFire   . . .      SeeInvis .     - Unarmed
rCold   . . .      Faith    .   (no shield)
rNeg    . . .      Spirit   .   a - +0 leather armour
rPois   .          Reflect  .   b - +0 helmet
rElec   .          Harm     .   (no cloak)
rCorr   .          Rampage  .   (no gloves)
Will    .....                   (no boots)
Stlth   +.........              (no amulet)
HPRegen 0.07/turn               (no ring)
MPRegen 0.08/turn               (no ring)

@: no status effects
A: hooves 1
a: no special abilities


You were on level 1 of the Dungeon.
You visited 1 branch of the dungeon, and saw 1 of its levels.

You collected 41 gold pieces.

Inventory:

Missiles
 c - 3 throwing nets (quivered)
Armour
 a - a +0 leather armour (worn)
 b - a +0 helmet (worn)
Potions
 d - a potion of lignification {unknown}


   Skills:
 + Level 2.8 Fighting
 - Level 1.7 Throwing
 - Level 2.6 Dodging
 - Level 2.6 Unarmed Combat


You had one spell level left.
You didn't know any spells.
Your spell library contained the following spells:

 Spells                   Type           Power      Damage    Failure   Level
 Gell's Gravitas          Tloc           0%         N/A       83%         3
 Lesser Beckoning         Tloc           0%         N/A       83%         3
 Teleport Other           Tloc           0%         N/A       83%         3


Dungeon Overview and Level Annotations

Branches:
Dungeon (1/15)

Altars:


Innate Abilities, Weirdness & Mutations

You have large cloven feet.


Message History

You kill the hobgoblin!
A nearby plant withers and dies.
You hit the rat.
You kill the rat!
You see here a hobgoblin corpse.
You start resting.
A giant cockroach is nearby!
You hit the giant cockroach but do no damage.
The giant cockroach closely misses you.
You are too injured to fight recklessly!
You are too injured to fight recklessly!
You are too injured to fight recklessly!
You are too injured to fight recklessly!
You are too injured to fight recklessly!
You hit the giant cockroach but do no damage.
The giant cockroach closely misses you.
You hit the giant cockroach.
The giant cockroach is heavily wounded.
The giant cockroach barely misses you.
You barely miss the giant cockroach.
The giant cockroach is heavily wounded.
The giant cockroach misses you.
You hit the giant cockroach but do no damage.
The giant cockroach is heavily wounded.
The giant cockroach closely misses you.
The giant cockroach bites you but does no damage.
You closely miss the giant cockroach.
The giant cockroach is heavily wounded.
The giant cockroach barely misses you.
You hit the giant cockroach.
You kill the giant cockroach!
You have reached level 2!
Your demonic ancestry asserts itself...
Your feet thicken and deform.
You start resting.
HP restored.
You see here a hobgoblin skeleton.
Found a faded altar of an unknown god.
Okay, then.
Are you sure you want to abandon this character and quit the game? (Confirm with "yes".)

.# #.. .####
###.###....#
#.#.....≈...
#P#PP..PPP..
#####..#......P.
#.|.÷..#....⌠...
#.###..#.....P..
#.# #..#@..P....
8.
#.###.≈.#.#..#..
##. #.#..PP.#_#
# #8.
#.#.....######.
##.
#.#.#..P.#.....
####8.
#.#.#....#.....
8#8#8#.
#.#.###.#...#.#
....... #.#.#
#.......# ###...
#.#.# #........
.......


There were no monsters in sight!

Vanquished Creatures
  An endoplasm (D:1)
  A giant cockroach (D:1)
  2 goblins (D:1)
  A hobgoblin (D:1)
  A kobold (D:1)
  2 rats (D:1)
8 creatures vanquished.

Vanquished Creatures (others)
  A fungus (D:1)
  7 plants (D:1)
8 creatures vanquished.

Grand Total: 16 creatures vanquished

Notes
Turn   | Place    | Note
-------+----------+-------------------------------------------
     0 | D:1      | ryw the Demonspawn Gladiator began the quest for the Orb.
     0 | D:1      | Reached XP level 1. HP: 16/16 MP: 1/1
   368 | D:1      | Gained mutation: You have large cloven feet. [demonic
                  | ancestry]
   368 | D:1      | Reached XP level 2. HP: 6/23 MP: 2/2
   606 | D:1      | Found a faded altar of an unknown god.
   607 | D:1      | Quit the game

Illustrated notes

Levels and vault maps discovered:
D:1:      heliophobic_arrival_ceremonial_halls, layout_loops_ring,
          shapermc_ecumenical_altar_mp_ritualfount, dk_noncrumbling_3

Action                   || total
-------------------------++-------
Melee: Unarmed           ||    35
Armor: Leather armour    ||     1
Dodge: Dodged            ||    18

Table legend: (Time is in decaauts)
 A = Elapsed time spent in this place.
 B = Non-inter-level travel time spent in this place.
 C = Inter-level travel time spent in this place.
 D = Time resting spent in this place.
 E = Time spent auto-exploring this place.
 F = Levels seen in this place.
 G = Mean time per level.
                   A        B        C        D        E       F      G
               +--------+--------+--------+--------+--------+-----+--------+
         Total |    605 |    605 |      0 |    235 |    299 |   1 |  605.0 |
       Dungeon |    605 |    605 |      0 |    235 |    299 |   1 |  605.0 |
               +--------+--------+--------+--------+--------+-----+--------+

Top non-repeatable levels by time:
     D:1: 605 daAuts
